 Dungeon Crawl Stone Soup version 0.25.1-2-g60ff931df9 (webtiles) character file.

Game seed: 10093650552201699154

18 Ostronsa the Grave Robber (level 2, 0/19 (22) HPs)
             Began as a Ghoul Necromancer on Sept 7, 2020.
             Slain by a jackal (2 damage)
             ... on level 2 of the Dungeon.
             The game lasted 00:11:20 (1281 turns).

Ostronsa the Grave Robber (Ghoul Necromancer)       Turns: 1281, Time: 00:11:23

HP:   0/19 (22)     AC:  2    Str: 11      XL:     2   Next: 70%
MP:   0/3           EV: 11    Int: 10      God:
Gold: 50            SH:  2    Dex:  7 (9)  Spells: 2/4 levels left

rFire    . . .     SeeInvis .   n - +0 mace
rCold    + . .     Gourm    .   i - +0 buckler
rNeg     + + +     Faith    .   a - +0 robe
rPois    ∞         Spirit   .   (no helmet)
rElec    .         Reflect  .   (no cloak)
rCorr    .         Harm     .   (no gloves)
MR       .....                  (no boots)
Stlth    ++........             (no amulet)
HPRegen  0.00/turn              (no ring)
MPRegen  0.08/turn              (no ring)

@: rotting
A: rotting body, claws 1, carnivore, cold resistance 1, negative energy
resistance 3, inhibited regeneration, torment resistance, unbreathing
a: no special abilities


You were on level 2 of the Dungeon.
You were not hungry.

You visited 1 branch of the dungeon, and saw 2 of its levels.

You collected 50 gold pieces.

Inventory:

Hand Weapons
 e - a +0 dagger
 n - a +0 mace (weapon)
Missiles
 b - 8 curare-tipped darts (quivered)
 h - 33 arrows
Armour
 a - a +0 robe (worn)
 d - a +0 plate armour
 i - a +0 buckler (worn)
Jewellery
 o - an uncursed ring of ice {unknown}
Scrolls
 f - 3 scrolls of identify {unknown}
 g - a scroll of fog {unknown}
 m - a scroll of enchant armour {unknown}
 p - 3 scrolls of remove curse {unknown}
Potions
 l - a potion of haste {unknown}
Comestibles
 c - a ration


   Skills:
 + Level 0.6 Fighting
 - Level 0.2 Short Blades
 + Level 0.0 Maces & Flails
 + Level 0.2 Armour
 + Level 1.9 Dodging
 + Level 2.5 Stealth
 + Level 0.6 Unarmed Combat
 + Level 1.9 Spellcasting
 + Level 4.1 Necromancy


You had 2 spell levels left.
You knew the following spells:

 Your Spells              Type           Power        Failure   Level  Hunger
a - Pain                  Necr           #...         10%         1    ##.....
b - Animate Skeleton      Necr           N/A          10%         1    ##.....

Your spell library contained the following spells:

 Spells                   Type           Power        Failure   Level  Hunger
 Vampiric Draining        Necr           #.........   30%         3    ####...
 Animate Dead             Necr           N/A          69%         4    #####..
 Agony                    Necr           #.......     95%         5    ######.


Dungeon Overview and Level Annotations

Branches:
Dungeon (2/15)

Altars:


Innate Abilities, Weirdness & Mutations

Your body is rotting away.
You thrive on raw meat.
You are immune to poison.
You have sharp fingernails.
You are carnivorous and can eat meat at any time.
Your flesh is cold resistant. (rC+)
You are immune to negative energy. (rN+++)
You do not regenerate when monsters are visible.
You are immune to unholy pain and torment.
You can survive without breathing.


Message History

It was a potion of berserk rage.
You cannot raise a blood rage in your lifeless body.
The jackal bites you.
* * * LOW HITPOINT WARNING * * *
The jackal bites you but does no damage.
You hit the jackal.
The jackal is severely wounded.
The jackal bites you but does no damage.
You block the jackal's attack.
You closely miss the jackal.
The jackal is severely wounded.
You block the jackal's attack. The jackal bites you.
* * * LOW HITPOINT WARNING * * *
It was a potion of mutation.
You feel extremely strange.
Your body decomposes!
You feel clumsy.
Your body decomposes!
You feel clumsy. The jackal bites you.
You die...

##..# #.# #.#
##...#####.# #.#
#.......<..### #.#
.......######.##.##
........####....#.######
........+................
........####.<.#.########
.......## ##.##.#
#.....## ## #@# ##...##
#h# ##+# #..h# #.### #. #


You could see 2 jackals.

Vanquished Creatures
  A leopard gecko (D:1)
  A giant cockroach (D:1)
  A goblin (D:1)
  A hobgoblin (D:1)
  6 jackals
  2 frilled lizards (D:1)
  4 rats (D:1)
16 creatures vanquished.

Notes
Turn   | Place    | Note
-------+----------+-------------------------------------------
     0 | D:1      | Ostronsa the Ghoul Necromancer began the quest for the Orb.
     0 | D:1      | Reached XP level 1. HP: 14/14 MP: 2/2
   269 | D:1      | Reached XP level 2. HP: 6/22 MP: 0/3
   729 | D:1      | Learned a level 1 spell: Animate Skeleton
  1281 | D:2      | Slain by a jackal

Illustrated notes

Levels and vault maps discovered:
D:1:      dpeg_arrival_another_circle, layout_basic,
          chequers_serial_rivers_small_b, due_unseen_surprise
D:2:      layout_loops_corners, chequers_ecumenical_altar_simple_redux,
          uniq_natasha

Action                   || total
-------------------------++-------
Melee: Unarmed           ||    11
       Dagger            ||    41
       Mace              ||    14
 Cast: Pain              ||    17
       Animate Skeleton  ||     1
  Use: Potion            ||     2
 Stab: Sleeping          ||     1
  Eat: Chunk             ||     9
Armor: Robe              ||    14
Dodge: Dodged            ||    51
Block: Buckler           ||     6
